General information
- name: BNet
- type: Ladder 1vs1/FFA
- host: Battle.net
- saver: soxfan68
map: TurtleRock
- players: 2
- length: 18:10
- speed: Fast
- version: 1.26 W3XP
- replay type: Public
» download(94 KB)
Players
team 1 (winner)

»
soxfan68 (
purple | 102 APM | 1851 actions | 18:10)
4 Death Knight
1 Unholy Aura
2 Death Coil
1 Death Pact
4 Lich
2 Frost Nova
2 Dark Ritual
» actions
| Assign group hotkey | 54 | |
| Basic commands | 10 | |
| Build / train | 44 | |
| Enter build submenu | 14 | |
| Enter hero's abilities submenu | 9 | |
| Give item / drop item | 1 | |
| Remove unit from queue | 1 | |
| Right click | 1095 | |
| Select / deselect | 243 | |
| Select group hotkey | 312 | |
| Use ability | 68 | |
1851 total
» units
| Acolyte | 3 | |
| Ghoul | 6 | |
| Obsidian Statue | 4 | |
| Crypt Fiend | 5 | |
| Abomination | 2 | |
| Meatwagon | 1 | |
21 total
» upgrades
| Ghoul Frenzy | 1 | |
| Destroyer Form | 1 | |
| Disease Cloud | 1 | |
3 total
» buildings
| Crypt | 1 | |
| Altar of Darkness | 1 | |
| Ziggurat | 7 | |
| Tomb of Relics | 1 | |
| Halls of the Dead | 1 | |
| Graveyard | 1 | |
| Nerubian Tower | 1 | |
| Slaughterhouse | 2 | |
| Black Citadel | 1 | |
16 total
» build order
00:09 Crypt
00:13 Altar of Darkness
00:26 Ziggurat
00:52 Tomb of Relics
01:29 Ziggurat
02:56 Halls of the Dead
03:54 Ziggurat
03:56 Graveyard
04:54 Ziggurat
05:08 Nerubian Tower
05:10 Ziggurat
05:56 Slaughterhouse
05:58 Slaughterhouse
06:48 Black Citadel
08:49 Ziggurat
11:03 Ziggurat
» items
| Rod of Necromancy | 1 | |
| Potion of Healing | 1 | |
| Orb of Corruption | 1 | |
| Scroll of Town Portal | 2 | |
| Potion of Lesser Invulnerability | 1 | |
6 total
team 2 (loser)
SuperNeBuLa (
orange | 232 APM | 4197 actions | 18:04)
3 Demon Hunter
2 Mana Burn
1 Immolation
3 Pandaren Brewmaster
2 Breath of Fire
1 Drunken Haze
» actions
| Assign group hotkey | 32 | |
| Basic commands | 138 | |
| Build / train | 105 | |
| ESC pressed | 4 | |
| Enter build submenu | 15 | |
| Enter hero's abilities submenu | 7 | |
| Give item / drop item | 7 | |
| Right click | 2628 | |
| Select / deselect | 466 | |
| Select group hotkey | 614 | |
| Use ability | 181 | |
4197 total
» units
| Wisp | 21 | |
| Archer | 4 | |
| Huntress | 5 | |
| Dryad | 8 | |
| Druid of the Claw | 16 | |
54 total
» upgrades
| Ultravision | 1 | |
| Abolish Magic | 1 | |
| Druid of the Claw Training | 2 | |
| Strength of the Wild | 2 | |
| Reinforced Hides | 2 | |
| Well Spring | 2 | |
| Mark of the Claw | 1 | |
11 total
» buildings
| Altar of Elders | 1 | |
| Moon Well | 7 | |
| Ancient of War | 1 | |
| Hunter's Hall | 1 | |
| Tree of Ages | 3 | |
| Ancient of Lore | 2 | |
| Tree of Eternity | 4 | |
| Ancient of Wonders | 1 | |
20 total
» build order
00:08 Altar of Elders
00:10 Moon Well
00:23 Ancient of War
01:40 Moon Well
02:38 Hunter's Hall
03:22 Tree of Ages
03:22 Tree of Ages
03:34 Moon Well
04:02 Moon Well
04:32 Moon Well
06:04 Ancient of Lore
06:08 Ancient of Lore
06:26 Tree of Eternity
06:26 Tree of Eternity
06:59 Ancient of Wonders
08:02 Moon Well
10:40 Moon Well
» items
| Staff of Preservation | 2 | |
| Orb of Venom | 5 | |
| Scroll of Town Portal | 2 | |
9 total
Chat log
(13:40 / All) SuperNeBuLa: nice maphack
(14:04 / All) SuperNeBuLa: real skilled
(15:29 / All) SuperNeBuLa: maphacking noob
(15:32 / All) SuperNeBuLa: learn to play a real race
(15:36 / All) SuperNeBuLa: instead of random and mh
(15:56 / All) SuperNeBuLa: burn in hell
(15:57 / All) SuperNeBuLa: scum
(16:38 / All) SuperNeBuLa: dd
(16:38 / All) SuperNeBuLa: d
(17:56 / All) SuperNeBuLa: lol
(17:59 / All) SuperNeBuLa: broken matchup
(18:03 / All) SuperNeBuLa: maphack bitch